 Dungeon Crawl Stone Soup version 0.21-a0-583-g2c32b0f (webtiles) character file.

79 Bluekicks the Conjurer (level 4, 0/33 HPs)
             Began as a Draconian Conjurer on Dec 19, 2017.
             Slain by Edmund
             ... wielding a +0 flail of protection
              (9 damage)
             ... on level 4 of the Dungeon.
             The game lasted 00:31:21 (2894 turns).

Bluekicks the Conjurer (Draconian Conjurer)         Turns: 2894, Time: 00:31:22

Health: 0/33       AC:  5    Str: 10    XL:     4   Next: 17%
Magic:  0/7        EV: 12    Int: 22    God:
Gold:   138        SH:  0    Dex: 11    Spells: 0/7 levels left

rFire    + . .     SeeInvis .   d - +1 short sword
rCold    + . .     Gourm    .   (no shield)
rNeg     . . .     Faith    .   (armour unavailable)
rPois    +         Spirit   .   (helmet restricted)
rElec    +         Reflect  .   (no cloak)
rCorr    +         Harm     .   (no gloves)
MR       +....                  (no boots)
Stlth    ++........             g - amulet of regeneration
HPRegen  0.51/turn              r - ring of protection from magic
MPRegen  0.10/turn              (no ring)

@: brilliant, resistant
A: unfitting armour, cold-blooded, AC +5
a: no special abilities


You were on level 4 of the Dungeon.
You were not hungry.

You visited 1 branch of the dungeon, and saw 4 of its levels.

You collected 138 gold pieces.

Inventory:

Hand Weapons
 c - a +0 dagger
 d - a +1 short sword (weapon)
 p - a +0 quarterstaff
Missiles
 e - 53 stones (quivered)
 j - 17 bolts
Jewellery
 g - an amulet of regeneration (around neck)
 r - a ring of protection from magic (left hand)
 s - an uncursed ring of flight
Scrolls
 l - a scroll of identify
 o - a scroll of enchant weapon
Potions
 i - a potion of flight {unknown}
 k - 4 potions of degeneration
 m - a potion of mutation {unknown}
 n - a potion of might {unknown}
 q - a potion of lignification {unknown}
 t - a potion of heal wounds {unknown}
Books
 a - a book of Conjurations

   Spells                             Type                      Level
   a - Magic Dart                     Conjuration                  1
   b - Searing Ray                    Conjuration                  2
   c - Dazzling Spray                 Conjuration/Hexes            3
   d - Fulminant Prism                Conjuration/Hexes            4
   e - Force Lance                    Conjuration/Translocation    4
   f - Iskenderun's Mystic Blast      Conjuration                  4
Comestibles
 b - 8 rations


   Skills:
 - Level 1.7 Dodging
 - Level 1.7 Stealth
 - Level 2.0 Spellcasting
 + Level 5.7 Conjurations


You couldn't memorise any spells.
You knew the following spells:

 Your Spells              Type           Power        Failure   Level  Hunger
a - Magic Dart            Conj           ####         1%          1    #......
b - Searing Ray           Conj           #####.       1%          2    ##.....
c - Fulminant Prism       Conj/Hex       ####......   4%          4    #####..


Dungeon Overview and Level Annotations

Branches:
Dungeon (4/15)
 Temple: D:4-7

Altars:
Qazlal
Ru

Annotations:
D:4 Edmund; Vlans's ghost, amateur DECj


Innate Abilities, Weirdness & Mutations

Your plain brown scales are hard. (AC +5)
You cannot fit into any form of body armour.
You are cold-blooded and may be slowed by cold attacks.


Message History

Edmund misses you.
You barely miss Edmund. You tail-slap Edmund, but do no damage.
Edmund is moderately wounded.
Edmund hits you with a flail of protection!
It was a potion of brilliance.
You feel clever all of a sudden.
Casting: Searing Ray
Confirm with . or Enter, or press ? or * to list all spells.
Aiming: Magic Dart
Press: ? - help, Shift-Dir - straight line, f/p - Edmund
Aim: Edmund, wielding a flail of protection and wearing a leather armour (moderately wounded)
The magic dart hits Edmund.
Edmund is moderately wounded.
Edmund hits you with a flail of protection.
* * * LOW HITPOINT WARNING * * *
Unknown command.
It was a potion of resistance.
You feel protected.
Edmund hits you with a flail of protection!
You die...

##.######.....<....
#.........#########
##.######## #.# #.#
#.# #.# #.# #@# #@#
.............#
.######.####.# #.#
#.# ... ... ...


You could see Edmund.

Vanquished Creatures
  An adder (D:3)
  An ooze (D:3)
  2 worms (D:3)
  A dart slug (D:3)
  A ball python (D:3)
  2 giant cockroaches
  6 goblins
  8 hobgoblins
  3 jackals (D:1)
  2 quokkas
  4 bats
  7 frilled lizards
  9 kobolds
  8 rats
55 creatures vanquished.

Notes
Turn   | Place    | Note
-------+----------+-------------------------------------------
     0 | D:1      | Bluekicks the Draconian Conjurer began the quest for the Orb.
     0 | D:1      | Reached XP level 1. HP: 14/14 MP: 3/3
   188 | D:1      | Reached XP level 2. HP: 20/20 MP: 0/5
   192 | D:1      | Learned a level 2 spell: Searing Ray
  1059 | D:2      | Reached skill level 5 in Conjurations
  1059 | D:2      | Reached XP level 3. HP: 26/26 MP: 2/6
  1061 | D:2      | Found a stormy altar of Qazlal.
  1276 | D:2      | Found a sacrificial altar of Ru.
  1865 | D:3      | Reached XP level 4. HP: 33/33 MP: 3/7
  2520 | D:4      | Noticed Vlans's ghost (amateur DECj)
  2564 | D:4      | Learned a level 4 spell: Fulminant Prism
  2609 | D:4      | Noticed Edmund
  2894 | D:4      | Slain by Edmund

Vault maps used:
D:1:      dpeg_arrival_shelter
D:2:      nicolae_ru_awakened_eye, grunt_qazlal_clouds, first_ration
D:4:      minmay_overflow_temple_star_quad, uniq_edmund, uniq_pikel,
          uniq_duvessa, uniq_eustachio

Skill      XL: |  1  2 |
---------------+-------+-----
Conjurations   | 5 |  5.7
Dodging        | |  1.7
Stealth        | |  1.7
Spellcasting   | |  2.0

Action                   |  1- 3 |  4- 6 || total
-------------------------+-------+-------++-------
Melee: Short sword       |    24 |     4 ||    28
       Dagger            |     2 |       ||     2
       Tailslap          |     2 |     2 ||     4
 Cast: Magic Dart        |    55 |     8 ||    63
       Searing Ray       |    12 |     5 ||    17
  Use: Scroll            |     4 |     4 ||     8
       Potion            |       |     3 ||     3
  Eat: Chunk             |     4 |     3 ||     7
       Ration            |       |     1 ||     1
Armor: Skin              |     4 |     3 ||     7
Dodge: Dodged            |    16 |     3 ||    19

Table legend:
 A = Spawn XP
 B = Non-spawn XP
 C = Spawn XP percentage of total XP
 D = Spawn monster count
 E = Non-spawn monster count
 F = Spawn count percentage of total count
 G = Total turns spent on level
                    A         B        C        D         E        F      G
               +---------+---------+-------+---------+---------+-------+---------
         Total |       0 |     114 |   0.0 |       0 |      55 |   0.0 |  2894
               +---------+---------+-------+---------+---------+-------+---------
           D:1 |       0 |      37 |   0.0 |       0 |      25 |   0.0 |   950
           D:2 |       0 |      18 |   0.0 |       0 |      12 |   0.0 |   427
           D:3 |       0 |      59 |   0.0 |       0 |      18 |   0.0 |  1135
               +---------+---------+-------+---------+---------+-------+---------
